 Dungeon Crawl Stone Soup version 0.31-a0-1178-gc5c9b8f871 (webtiles) character file.

Game seed: 1719640387482132941

163 gelatine the Chopper (level 5, -6/41 HPs)
             Began as a Demonspawn Fighter on Dec 11, 2023.
             Mangled by an ogre
             ... wielding a +0 giant spiked club
              (16 damage)
             ... on level 3 of the Dungeon.
             The game lasted 00:05:08 (2619 turns).

gelatine the Chopper (Demonspawn Fighter)           Turns: 2619, Time: 00:05:08

Health: -6/41      AC: 12    Str: 18    XL:     5   Next: 20%
Magic:  5/5        EV:  9    Int:  8    God:
Gold:   168        SH:  4    Dex: 13    Spells: 4/4 levels left

rFire   . . .        a - +0 war axe
rCold   . . .        c - +0 buckler
rNeg    + . .        b - +0 scale mail
rPois   .            (no helmet)
rElec   .            (no cloak)
rCorr   .            (no gloves)
SInv    .            (no boots)
Will    .....        (no amulet) Stlth
                     e - ring of positive energy
HPRegen 0.26/turn    (no ring)
MPRegen 0.09/turn

%: no passive effects
@: sanguine armoured
A: ignite blood 2, sanguine armour 1
a: no special abilities


You were on level 3 of the Dungeon.
You visited 1 branch of the dungeon, and saw 4 of its levels.

You collected 168 gold pieces.

Inventory:

Hand Weapons
 a - a +0 war axe (weapon)
Armour
 b - a +0 scale mail (worn)
 c - a +0 buckler (worn)
Jewellery
 e - a ring of positive energy (left hand)
Scrolls
 j - a scroll of noise
Potions
 d - a potion of ambrosia {unknown}
 g - a potion of curing {unknown}
 h - a potion of degeneration {unknown}
 i - 2 potions of heal wounds {unknown}
 k - a potion of haste {unknown}
 l - a potion of brilliance {unknown}


   Skills:
 + Level 3.4 Fighting
 + Level 3.9 Axes
 + Level 3.3 Armour
 + Level 0.7 Dodging
 + Level 3.0 Shields


You had 4 spell levels left.
You didn't know any spells.
Your spell library contained the following spells:

 Spells                   Type           Power      Damage    Failure   Level
 Apportation              Tloc           0%         N/A       86%         1
 Jinxbite                 Hex            0%         N/A       95%         2
 Inner Flame              Hex/Fire       0%         N/A       99%         3
 Flame Wave               Conj/Fire      0%         2d4       100%        4
 Sticky Flame             Conj/Fire      0%         2d3       100%        4
 Alistair's Intoxication  Tmut/Pois      0%         N/A       100%        5


Dungeon Overview and Level Annotations

Branches:
Dungeon (4/15)
 Temple: D:4-7

Altars:


Innate Abilities, Weirdness & Mutations

Your demonic aura often causes spilled blood to erupt in flames.
When seriously injured, your blood forms armour. (AC +6)


Message History

There is a stone staircase leading down here.
You see here a +0 flail.
There is a stone staircase leading up here.
Found a robe.
There is a stone staircase leading down here.
Done exploring.
Done exploring.
There is a stone staircase leading down here.
You climb downwards.
The gnoll shouts!
The endoplasm quivers.
You hear a shout!
You hear an angry hiss.
You hear a shout! x2
Found 6 poisoned darts.
There is a stone staircase leading up here.
An adder comes into view.
Found a stone staircase leading down.
The adder hisses angrily.
The gnoll closely misses you.
A gnoll comes into view. It is wielding a +0 club.
The adder moves out of view.
A gnoll comes into view. It is wielding a +0 whip.
The gnoll hits you with a +0 halberd.
An ogre comes into view. It is wielding a +0 giant spiked club.
You barely miss the gnoll. You block the gnoll's attack.
You slash the endoplasm!
You kill the endoplasm!
An orc comes into view. It is wielding a +0 short sword.
The gnoll hits you from afar with a +0 halberd!
Your blood congeals into armour.
The adder misses you.
There is a stone staircase leading up here.
Unknown command.
The ogre hits you with a +0 giant spiked club!
* * * LOW HITPOINT WARNING * * *
You climb upwards.
There is a stone staircase leading down here.
You hit the ogre.
The ogre is lightly wounded.
The ogre hits you with a +0 giant spiked club!
You die...

#.#.#.##.#####..####.#
#.##. #..##.##.# #..# #.#
#.... #.#.#.##.# #..# #.#
#.#.. #.###....# #..# #.#
#.##. ##.#########
#..####.#########
###..........#
#.............#..
#....######..#
#.#######.#####.# #.#..#
##.#####.# #.# #..
.....#####......@O# #.#
##. ..............###.#
#b# #.. .....####..##.#
### ##.####### ....##
#..##.# ##..bbbbb# ######
#..##.#################..
.....#
#..##...........### ###
####.# #.####.########.#
#.#..# #..###.# #.#
..#..####..##..#### #.#


You could see an ogre.

Vanquished Creatures
  An iguana (D:3)
  3 gnolls (D:2)
  3 adders (D:2)
  A white imp (D:3)
  A worm (D:2)
  An orc (D:3)
  11 bats
  8 endoplasms
  4 giant cockroaches
  5 goblins
  3 hobgoblins (D:1)
  3 jackals (D:2)
  A quokka (D:1)
  7 ball pythons
  5 frilled lizards
  5 kobolds
  10 rats
72 creatures vanquished.

Notes
Turn   | Place    | Note
-------+----------+-------------------------------------------
     0 | D:1      | gelatine the Demonspawn Fighter began the quest for the
                  | Orb.
     0 | D:1      | Reached XP level 1. HP: 18/18 MP: 1/1
   153 | D:1      | Gained mutation: Your demonic aura sometimes causes spilled
                  | blood to erupt in flames. [demonic ancestry]
   153 | D:1      | Reached XP level 2. HP: 22/24 MP: 2/2
   427 | D:1      | Found a faded altar of an unknown god.
   478 | D:1      | Gained mutation: When seriously injured, your blood forms
                  | armour. (AC +6) [demonic ancestry]
   478 | D:1      | Reached XP level 3. HP: 27/29 MP: 3/3
   922 | D:2      | Reached XP level 4. HP: 13/35 MP: 4/4
  1686 | D:3      | Gained mutation: Your demonic aura often causes spilled
                  | blood to erupt in flames. [demonic ancestry]
  1686 | D:3      | Reached XP level 5. HP: 15/41 MP: 5/5
  2612 | D:4      | Noticed an ogre
  2619 | D:3      | Mangled by an ogre

Illustrated notes

Levels and vault maps discovered:
D:1:      dpeg_arrival_rooms_with_view, layout_loops_cross,
          ebering_ecumenical_altar_rust, minmay_domino_2
D:2:      layout_rooms
D:3:      layout_loops_ring, serial_co_window_serial, co_window_paths_a,
          co_window_corner_a, co_window_paths_b, co_window_corner_a,
          co_window_corner_a, co_window_corner_a, co_window_paths_b,
          co_window_corner_a, co_window_corner_a, co_window_of_opportunity_b,
          co_window_2corner, co_window_2corner, co_window_broadway_a,
          co_window_paths_e, glass_columns_b, glass_columns_b, glass_columns_b,
          glass_columns_a, glass_columns_a
D:4:      layout_rooms, nicolae_uskayaw_dance_hall,
          mainiacjoe_overflow_boulevard, nicolae_overflow_squiral, uniq_sigmund

Skill      XL: |  1  2  3 |
---------------+----------+-----
Axes           | 2 3 |  3.9
Armour         | 3 |  3.3
Shields        | 3 |  3.0
Fighting       | |  3.4
Dodging        | |  0.7

Action                     |  1- 3 |  4- 6 || total
---------------------------+-------+-------++-------
  Melee: War axe           |   107 |   104 ||   211
    Use: Potion            |     1 |       ||     1
         Scroll            |       |     2 ||     2
 Armour: Scale mail        |    88 |    82 ||   170
  Dodge: Dodged            |    52 |    51 ||   103
  Block: Buckler           |    27 |    27 ||    54

Table legend: (Time is in decaauts)
 A = Elapsed time spent in this place.
 B = Non-inter-level travel time spent in this place.
 C = Inter-level travel time spent in this place.
 D = Time resting spent in this place.
 E = Time spent auto-exploring this place.
 F = Levels seen in this place.
 G = Mean time per level.
                   A        B        C        D        E       F      G
               +--------+--------+--------+--------+--------+-----+--------+
         Total |   2701 |   2639 |     62 |      0 |   1967 |   4 |  675.2 |
       Dungeon |   2701 |   2639 |     62 |      0 |   1967 |   4 |  675.2 |
               +--------+--------+--------+--------+--------+-----+--------+

Top non-repeatable levels by time:
     D:3: 1244 daAuts
     D:1: 738 daAuts
     D:2: 710 daAuts
     D:4: 8 daAuts
